Cogmind - Beta 13 @@@ ROGUE MODE // 2024.03.21 @ 19:43:22 Player: dylanbksp Result: Destroyed by G-34 Mercenary with Small Laser Performance ------------- Evolutions (1) 500 Regions Visited (3) 600 Robots Destroyed (15) 75 Value Destroyed (466) 466 Prototype IDs (0) 0 Alien Tech Used (0) 0 Bonus (0) 0 TOTAL SCORE: 1641 Bonus ------- None Cogmind --------- Core Integrity 0/400 Matter 300/300 Energy 100/100 System Corruption 0% Temperature Cool (6) Movement Core (350) Ox6 Location -9/Storage Parts ------- > --- POWER (1) -------- (None) > --- PROPULSION (2) --- (None) > --- UTILITY (4) ------ Large Storage Unit > --- WEAPON (2) ------- (None) > --- INVENTORY (15) --- Light Ion Engine Peak State ------------ > --- POWER ------------ Light Ion Engine > --- PROPULSION ------- Aluminum Leg Aluminum Leg > --- UTILITY ---------- Large Storage Unit Weight Redist. System Visual Processing Unit Light Armor Plating > --- WEAPON ----------- Heavy EM Pulse Gun Grenade Launcher > --- INVENTORY -------- Light Ion Engine [Rating: 12] Favorites ----------- Power Light Ion Engine Engine Light Ion Engine Propulsion Light Treads Treads Light Treads Leg Aluminum Leg Hover Unit Hover Unit Utility Large Storage Unit Device Weight Redist. System Storage Large Storage Unit Processor Visual Processing Unit Protection Light Armor Plating Weapon Light Assault Rifle Energy Gun Spread Laser Ballistic Gun Light Assault Rifle Launcher Grenade Launcher Build | -11 -10 -9 -9 ------- Run | Yrd Mat Mat Sto Slots Evolved 2 | . . 2 . Power . | . . . . Propulsion . | . . . . Utility 2 | . . 2 . Weapon . | . . . . Parts Attached 19 | 5 4 6 4 Power 1 | 1 . . . Engine 1 | 1 . . . Core . | . . . . Reactor . | . . . . Propulsion 6 | 2 . 3 1 Treads 2 | 2 . . . Leg 2 | . . 1 1 Wheel . | . . . . Hover 2 | . . 2 . Flight . | . . . . Utility 8 | 1 3 2 2 Device 2 | . . 1 1 Storage 2 | 1 1 . . Processor 2 | . 2 . . Hackware . | . . . . Protection 2 | . . 1 1 Artifact . | . . . . Weapon 4 | 1 1 1 1 Energy Gun 2 | . 1 1 . Energy Cannon . | . . . . Ballistic Gun 1 | 1 . . . Ballistic Cannon . | . . . . Launcher 1 | . . . 1 Special Weapon . | . . . . Impact Weapon . | . . . . Slashing Weapon . | . . . . Piercing Weapon . | . . . . Special Melee Weapon . | . . . . Unidentified Prototypes . | . . . . Parts Lost 12 | . . 5 7 Power 1 | . . . 1 Propulsion 3 | . . 1 2 Utility 4 | . . 2 2 Weapon 4 | . . 2 2 Highest Loss Streak 4 | . . 4 4 To Critical Strikes . | . . . . Average Slot Usage (%) 87 | . 99 76 80 Engine 12 | . 14 11 10 Treads 14 | . 28 10 . Leg 7 | . . 4 17 Hover 2 | . . 4 3 Device 4 | . . 3 11 Storage 12 | . 14 11 11 Processor 11 | . 13 11 10 Protection 4 | . . 4 8 Energy Gun 11 | . 13 11 8 Ballistic Gun 6 | . 14 4 . Naked Turns . | . . . . Heaviest Build 32 | 9 27 29 32 Greatest Support 40 | 40 40 40 26 Greatest Overweight (x) 6 | . . 4 6 Average Overweight (x) . | . . 1 1 Largest Inventory Capacity 15 | 8 15 15 15 Average Capacity 13 | 7 11 15 15 Most Carried 6 | 5 6 4 3 Average Carried 2 | . 3 2 1 Final Capacity 15 | 8 15 15 15 Final Carried 5 | . 5 2 1 Class Distribution -------------------- 73% | Mutant 26% | Scavenger-Mutant Dominant Class ---------------- Mutant | -10/Materials Mutant | -9/Materials Scavenger-Mutant | -9/Storage Resources | -11 -10 -9 -9 ----------- Run | Yrd Mat Mat Sto Matter Collected 396 | 211 87 53 45 Remotely . | . . . . Salvage Created 485 | . 147 221 117 Parts 31 | . 9 16 6 Haulers Intercepted . | . . . . Recyclers Shooed . | . . . . Parts Field Recycled . | . . . . Retrieved Matter . | . . . . Parts Self-Destructed . | . . . . Prevented . | . . . . Kills | -11 -10 -9 -9 ------- Run | Yrd Mat Mat Sto Combat Hostiles Destroyed 10 | . 3 5 2 Guns 10 | . 3 5 2 Classes Destroyed 4 | . 2 2 . Watcher 5 | . 2 2 1 Grunt 8 | . 3 3 2 Brawler 1 | . . 1 . Sentry 1 | . . 1 . Best Kill Streak 6 | . 2 6 3 Combat Bots Only 5 | . 2 5 2 Max Kills in Single Turn 1 | . 1 1 1 Gunslinging . | . . . . Exploded . | . . . . Melee . | . . . . Uniques/NPCs Destroyed . | . . . . Combat | -11 -10 -9 -9 -------- Run | Yrd Mat Mat Sto Hostile Shots Fired 104 | . 19 23 62 Missed 31 | . 9 4 18 Damage Taken 1403 | . 142 428 833 Core 414 | . 10 63 341 Absorbed by Shields . | . . . . Redirected to Shielding 50 | . . 50 . Core Remaining (%) 98 | 100 96 . . Volleys Fired 51 | . 19 22 10 Largest 2 | . 2 2 2 Hottest 85 | . 85 85 75 Shots Fired 74 | . 38 24 12 Gun 72 | . 38 24 10 Cannon . | . . . . Launcher 2 | . . . 2 Special . | . . . . Kinetic 21 | . 19 2 . Thermal 34 | . 19 15 . Explosive 2 | . . . 2 Electromagnetic 17 | . . 7 10 Robot Hit Streak 12 | . 5 12 7 Robot Miss Streak 8 | . 7 8 1 Penetration Max . | . . . . Secondary Targets . | . . . . Shots Hit Robots 51 | . 25 19 7 Core Hits 50 | . 22 25 3 Critical Kills . | . . . . Critical Parts Destroyed . | . . . . Critical Strikes . | . . . . Melee Attacks . | . . . . Impact . | . . . . Slashing . | . . . . Piercing . | . . . . Sneak Attacks . | . . . . Combat Hostiles . | . . . . Follow-up Attacks . | . . . . Damage Inflicted 719 | . 283 249 187 Guns 639 | . 283 249 107 Cannons . | . . . . Explosions 80 | . . . 80 Melee . | . . . . Ramming . | . . . . Kinetic 81 | . 71 10 . Thermal 393 | . 212 181 . Explosive 80 | . . . 80 Electromagnetic 165 | . . 58 107 Impact . | . . . . Slashing . | . . . . Piercing . | . . . . Highest Corruption . | . . . . Average Corruption . | . . . . Corruption Purged . | . . . . Corruption Blocked . | . . . . Overload Shots . | . . . . Overflow Damage 17 | . . 17 . Projectiles . | . . . . Explosions 17 | . . 17 . Melee . | . . . . Knockbacks . | . . . . Impact . | . . . . Kinetic . | . . . . Secondary . | . . . . Self-Inflicted Damage 216 | . . 146 70 Shots 4 | . . 2 2 Rammed . | . . . . Targets Rammed . | . . . . Kicked . | . . . . Crushed . | . . . . Highest Temperature 304 | . 304 150 48 Average Temperature 70 | . 88 69 17 Received Heat Transfer 387 | . 78 117 192 Effects 1 | . 1 . . Energy Bleed 1 | . 1 . . Siege Activations . | . . . . Robots Corrupted . | . . . . Combat Hostiles . | . . . . Parts Fried 1 | . . . 1 Impact Corruptions . | . . . . Robots Melted . | . . . . Combat Hostiles . | . . . . Parts Melted . | . . . . Heat Transferred 485 | . 255 230 . Parts Sabotaged . | . . . . Parts Stolen . | . . . . Parts Stripped . | . . . . Power Chain Reactions . | . . . . Alert | -11 -10 -9 -9 ------- Run | Yrd Mat Mat Sto Peak Influence 262 | . 100 262 172 Initial 110 | . . 42 110 Average 89 | . 36 156 113 Maximum Alert Level 1 | . . 1 . Low Security (%) 88 | 100 100 50 100 Level 1 11 | . . 50 . Level 2 . | . . . . Level 3 . | . . . . Level 4 . | . . . . Level 5 . | . . . . High Security . | . . . . Max Security . | . . . . Squads Dispatched 3 | . 1 1 1 Investigation . | . . . . Extermination . | . . . . Reinforcement 3 | . 1 1 1 Assault . | . . . . Garrison . | . . . . Intercept . | . . . . Searches Triggered . | . . . . Construction Impeded . | . . . . Haulers Reinforced . | . . . . Active Scanning Responses . | . . . . Cargo Convoy Interrupts . | . . . . Stealth | -11 -10 -9 -9 --------- Run | Yrd Mat Mat Sto Distress Signals 4 | . . 2 2 Communications Jammed . | . . . . Distress Signals . | . . . . Times Spotted 30 | . 8 13 9 Peak Tracking Total 7 | . 2 7 5 Tactical Retreats 1 | . . . 1 Traps | -11 -10 -9 -9 ------- Run | Yrd Mat Mat Sto Traps Triggered 1 | . . . 1 Indirectly . | . . . . Trap Hack Attempts . | . . . . Triggered . | . . . . Disarmed . | . . . . Reprogrammed . | . . . . Reused . | . . . . Traps Extracted . | . . . . Installed . | . . . . Triggered . | . . . . Machines | -11 -10 -9 -9 ---------- Run | Yrd Mat Mat Sto Machines Disabled 2 | . . 2 . Max in Single Turn 2 | . . 2 . Machines Repaired . | . . . . Machines Dismantled . | . . . . Machines Sabotaged . | . . . . Overloaded Fab Kills . | . . . . Hacking | -11 -10 -9 -9 --------- Run | Yrd Mat Mat Sto Machines Accessed 6 | . 4 1 1 Terminals 3 | . 3 . . Fabricators . | . . . . Repair Stations 1 | . . . 1 Recycling Units 1 | . 1 . . Scanalyzers 1 | . . 1 . Garrison Access . | . . . . Total Hacks 17 | . 12 2 3 Successful 8 | . 5 2 1 Failed 9 | . 7 . 2 Catastrophic . | . . . . Database Lockouts . | . . . . Manual . | . . . . Terminals 10 | . 10 . . Fabricators . | . . . . Repair Stations 3 | . . . 3 Recycling Units 2 | . 2 . . Scanalyzers 2 | . . 2 . Garrison Access . | . . . . Terminal Hacks 5 | . 5 . . Record 4 | . 4 . . Branch Access Points 1 | . 1 . . Fabricator Hacks . | . . . . Repair Station Hacks 1 | . . . 1 Scan Component 1 | . . . 1 Recycling Unit Hacks . | . . . . Scanalyzer 2 | . . 2 . Insert Component 1 | . . 1 . Analyze 1 | . . 1 . Garrison Access Hacks . | . . . . Unauthorized Hacks . | . . . . Terminals . | . . . . Fabricators . | . . . . Repair Stations . | . . . . Recycling Units . | . . . . Scanalyzers . | . . . . Garrison Access . | . . . . Data Cores Recovered . | . . . . Used . | . . . . Hacking Detections 3 | . 2 . 1 Full Trace Events 2 | . 1 . 1 Feedback Events . | . . . . Feedback Blocked . | . . . . Robot Schematics Acquired . | . . . . Robots Built . | . . . . Authchips . | . . . . Time . | . . . . Total Robot Build Rating . | . . . . Part Schematics Acquired 1 | . . 1 . Parts Built . | . . . . Authchips . | . . . . Time . | . . . . Total Part Build Rating . | . . . . Parts Repaired . | . . . . Time . | . . . . Parts Recycled . | . . . . Recycled Matter . | . . . . Retrieved Matter . | . . . . Retrieved Components . | . . . . Parts Scanalyzed 1 | . . 1 . Part Schematics Acquired 1 | . . 1 . Parts Damaged 1 | . . 1 . Bothacking | -11 -10 -9 -9 ------------ Run | Yrd Mat Mat Sto Used RIF Installer . | . . . . Robots Hacked . | . . . . Non-combat . | . . . . Combat . | . . . . Robot Hacks Applied . | . . . . Relay Couplers Released . | . . . . Fabnet Peak Effective % . | . . . . Robots Rewired . | . . . . Allies Hacked . | . . . . Hacks Repelled . | . . . . Allies | -11 -10 -9 -9 -------- Run | Yrd Mat Mat Sto Total Allies . | . . . . Largest Group . | . . . . Highest-Rated Group . | . . . . Highest-Rated Ally . | . . . . Total Orders . | . . . . Ally Attacks . | . . . . Total Damage . | . . . . Kills . | . . . . Allies Corrupted . | . . . . Allies Melted . | . . . . Intel | -11 -10 -9 -9 ------- Run | Yrd Mat Mat Sto Robot Analysis Total . | . . . . Derelict Logs Recovered . | . . . . Drone Launches . | . . . . Drone Recoveries . | . . . . Exploration | -11 -10 -9 -9 ------------- Run | Yrd Mat Mat Sto Turns Passed 1577 | 47 623 374 533 Spaces Moved 810 | 36 346 149 279 Core 33 | 18 . . 15 Treads 465 | 18 346 101 . Legs 192 | . . . 192 Wheels . | . . . . Hover 120 | . . 48 72 Flight . | . . . . Fastest Speed 50 | 50 160 160 120 Average Speed 172 | 105 160 215 172 Slowest Speed 350 | 160 160 310 350 Overloaded Moves . | . . . . Propulsion Burnouts . | . . . . Robots Hopped . | . . . . Cave-ins Triggered . | . . . . Exploration Rate (%) 34 | 4 64 15 54 Regions Visited 3 Branch Regions 1 Pre-discovered Areas . | . . . . Known Exits Taken . | . . . . Unknown Exits Taken 3 | 1 1 1 . Scrap Searched . | . . . . Spaces Dug . | . . . . Terrain Destroyed 57 | . . 40 17 Melee . | . . . . Projectile . | . . . . AOE 57 | . . 40 17 Terrain Rammed . | . . . . Walls Destroyed . | . . . . Machines Disabled . | . . . . Actions | -11 -10 -9 -9 --------- Run | Yrd Mat Mat Sto Total 927 | 45 381 181 320 Wait 24 | . 3 . 21 Move 807 | 35 345 148 279 Hop . | . . . . Pick Up 21 | 5 9 3 4 Fast Attach . | . . . . Attach 14 | 5 2 4 3 Detach . | . . . . Swap 5 | . 2 2 1 Drop 5 | . 1 2 2 Fire 51 | . 19 22 10 Melee . | . . . . Ram . | . . . . Kick . | . . . . Crush . | . . . . Escape Stasis . | . . . . Rewire . | . . . . Trap . | . . . . Miscellaneous . | . . . . Route ------- -11/Scrapyard -10/Materials (discovered 4 exits: *Mat x2 / Min x2) -9/Materials -9/Storage History --------- Turn | Location | Event 7 | -11/Scrapyard | Discovered new exit (range 15) 48 | -11/Scrapyard | Entered Materials 131 | -10/Materials | Identified exit to Mines 257 | -10/Materials | Discovered new exit (range 15) 339 | -10/Materials | Build established: Mutant 631 | -10/Materials | Discovered new exit (range 17) 671 | -10/Materials | Entered another Materials area 671 | -9/Materials | Evolved 2 slots: Utility x2 796 | -9/Materials | Discovered new exit (range 13) 851 | -9/Materials | Lost 4 parts (1n2u1w) 1045 | -9/Materials | Entered Storage 1336 | -9/Storage | Build established: Scavenger-Mutant 1495 | -9/Storage | Lost 3 parts (1u2w) 1547 | -9/Storage | Core integrity fell below 50% 1573 | -9/Storage | Core integrity fell below 20% 1577 | -9/Storage | Lost 4 parts (1p2n1u) 1578 | -9/Storage | Destroyed by G-34 Mercenary with Small Laser Last Messages --------------- An explosion rips through the floor. Acquired Lgt. Ion Engine. Dropped Lgt. Ion Engine. R-06 Scavenger collects Lgt. Ion Engine. T-07 Excavator is excavating. K-01 Serf cleans the Compression Vault. T-07 Excavator is excavating. O-16 Technician sends out distress signal. O-16 Technician: "IFF HANDSHAKE FAILED. SECURING TERMINAL." K-01 Serf cleans the Compression Vault. Lgt. Ion Engine destroyed. Aluminum Leg destroyed. ALERT: Hostiles spotted, dispatching reinforcements to Terminal S014. T-07 Excavator is excavating. Visual Processing Unit destroyed. Aluminum Leg destroyed. G-34 Mercenary IFF system glitched. Weight Redist. System severed. Map ----- +----------------------------------------------------+ | ???# ###########????# """ T#????????????????? | | ???# ###########??### """ ##????????????????? | | ???# # #??#"" """ ###???????????????? | | ???# # #??#"" ""#???????????????? | | ???# # """ """ #??#"T T"#???????????????? | | ???# # """ """ #??#"" """ ""#???????????????? | | ???# + """ """ #??#"" """ #####?????????????? | | ???# # #?#### """ +?????????????? | | ???# # #?# ## #####?????????????? | | ???# # #?# # #?????????????????? | | ???# ###########??# #?????????????????? | | ???# #????????????# # ##/#####?????????????? | | ???# #??????????##### # #?????????????? | | ???# #????????+ / !!! ##?????????????? | | ???# #??????????######## # !! #??????????????? | | ???# #?????????????????# # !! #??????????????? | | ???# #?????????????????# # #??????????????? | | ???# #?????????????????# # #??????????????? | | ???# #??????????????#### # #??????????????? | | ???# #??????????????+ #######??????????????? | | ???# #??????????????####+###??????????????????? | | ??## ##?????????????# #??????????????????? | | ??# #?????????????#g """"#??????????????????? | | ??# #?????????????#gY""""#??????????????????? | | ??# +?????????????# l""""#??????????????????? | | ??# #?????????????# @""""#??????????????????? | | ??# #?????????????# #??????????????????? | | ??## ###########????########??????????????????? | | ???# # #??????????????????????????????? | | ???# # #??????????????????????????????? | | ???# # #??????????????????????????????? | | ???# + """" #??????????????????????????????? | | ???# # """" #??????????????????????????????? | | ???# # """" #??????????????????????????????? | | ???# # """" #??????????????????????????????? | | ???# # #??????????????????????????????? | | ???# ##" ""#####??????????????????????????????? | | ???######"R""#??????????????????????????????????? | | ????????#""" #??????????????????????????????????? | | ????????######??????????????????????????????????? | | ????????????????????????????????????????????????? | | ????????????????????????????????????????????????? | | ????????????????????????????????????????????????? | | ????????????????????????????????????????????????? | | ????????????????????????????????????????????????? | | ????????????????????????????????????????????????? | | ????????????????????????????????????????????????? | | ????????????????????????????????????????????????? | | ????????????????????????????????????????????????? | | | +----------------------------------------------------+ Best States ------------- Heat Dissipation 28 Energy Generation 10 Energy Capacity 125 Matter Stores 300 Matter Capacity 300 Sight Range 18 Terrain Scan Range 14 Terrain Scan Density 10 Additional Mass Support 6 Armor Coverage 150 Weapon Shielding 33 Evasion (%) 55 Recoil Reduction 2 Salvage Targeting 1 Item Schematics ----------------- Imp. Light Cannon | -9/Materials | Scanalyzed Robot Schematics ------------------ None Fabricated ------------ Nothing Alien Tech Used ----------------- None Achievements -------------- None Challenges ------------ None Game ------ Seed RegenerativeSiegeSaw Manual? 0 Play Time 00:17:24 Cumulative 2.2 hours Start 2024.03.21 @ 19:28:33 End 2024.03.21 @ 19:43:22 Sessions 1 Manual Loads 0 Difficulty Rogue Special Mode None Game No. 8 Rogue 8 Adventurer 0 Explorer 0 Win Type - Total 0 Types 0/0/0/0/0/0/0/0/0 Lore% 2 Gallery% 5 Achievement% 4 Wizard Run 0 Options --------- Layout 1 ASCII 1 Keyboard 0 Movement Mouse Keybinds 0 Fullscreen 2 Font 20/SmallcapsGlow Map View 25x17 Zoom Use 99% Tactical HUD 0 Map Filters NONE Filters NONE Steam 1 RUN: b7fbc9ff-c0f4-4665-9504-ee2abc901a68